 Dungeon Crawl Stone Soup version 0.31-a0-167-g1c394c0614 (webtiles) character file.

Game seed: 3998498796791712450

199 ragingrage the Ruffian (level 5, -7/47 (50) HPs)
             Began as a Troll Wanderer on June 14, 2023.
             Mangled by a hell rat (14 damage)
             ... in a sewer.
             The game lasted 00:01:50 (1754 turns).

ragingrage the Ruffian (Troll Wanderer)             Turns: 1754, Time: 00:01:51

HP:   -7/47 (50)    AC:  4    Str: 22    XL:     5   Next: 48%
MP:   4/4           EV: 11    Int:  4    God:
Gold: 34            SH:  0    Dex: 13    Spells: 4/4 levels left

rFire   . .          .
                       - Unarmed
rCold   . . .        (no shield)
rNeg    . . .        e - +0 robe
rPois   .            (helmet restricted)
rElec   .            (no cloak)
rCorr   .            (gloves unavailable)
SInv    .            (boots unavailable)
Will    .....        (no amulet)
Stlth   +            (no ring)
HPRegen 1.07/turn    (no ring)
MPRegen 0.09/turn

%: no passive effects
@: drained
A: large, unfitting armour, claws 3, regeneration 1, shaggy fur 1, tough skin 1
a: no special abilities


You were in a sewer.
You visited 1 branch of the dungeon, and saw 3 of its levels.
You also visited: Sewer.

You collected 104 gold pieces.
You spent 70 gold pieces at shops.

Inventory:

Armour
 e - a +0 robe (worn)
 l - a +0 kite shield
Scrolls
 a - 3 scrolls of teleportation
 d - a scroll of fog
 f - 2 scrolls of poison {unknown}
 g - a scroll of revelation {unknown}
 h - a scroll of amnesia {unknown}
 i - 2 scrolls of noise {unknown}
 k - 3 scrolls of identify {unknown}
 m - a scroll of fear
Potions
 b - a potion of mutation
 c - a potion of lignification
 j - a potion of haste {unknown}


   Skills:
 - Level 2.4 Fighting
 - Level 4.1 Dodging
 + Level 5.5 Unarmed Combat
 - Level 1.0 Evocations


You had 4 spell levels left.
You didn't know any spells.
Your spell library was empty.

Dungeon Overview and Level Annotations

Branches:
Dungeon (3/15)              Sewer (1/1)

Altars:

Shops:
D:3 ?


Innate Abilities, Weirdness & Mutations

You are too large for most types of armour.
You have claws for hands.
Your natural rate of healing is unusually fast.
You are covered in fur. (AC +1)
You have tough skin. (AC +1)


Message History

The rat bites you but does no damage.
You barely miss the rat. The rat bites you.
You barely miss the rat. The rat bites you but does no damage.
You barely miss the rat. The rat barely misses you.
You scratch the rat but do no damage. The rat bites you.
You scratch the rat.
You kill the rat!
No target in view!
No target in view!
No target in view!
You see here a rat corpse.
You enter the shallow water.
You enter the shallow water.
You enter the shallow water.
You enter the shallow water.
You see here a rat corpse.
You enter the shallow water.
You open the door.
A hell rat comes into view.
Found six items.
Found a gate leading back out of this place.
A hell rat is nearby!
The hell rat roars deafeningly!
There is an open door here.
You aren't carrying any items that you can evoke.
Okay, then.
Okay, then.
You closely miss the hell rat. You closely miss the hell rat.
The hell rat splashes around in the water.
You barely miss the hell rat.
The hell rat splashes around in the water.
You closely miss the hell rat. The hell rat bites you!
You feel drained.
You claw the hell rat! The hell rat bites you!
You scratch the hell rat but do no damage.
The hell rat bites you!
You feel drained.
You barely miss the hell rat. The hell rat bites you!
* * * LOW HITPOINT WARNING * * *
You barely miss the hell rat. The hell rat misses you. The hell rat bites you!
You die...

###~.~∩~~.###
###~~..~∩.~.~~###
#~.~.~#####.††..#
##.~.###!∩!###~~~##
#~..##~!?!?!.##...#
#..~#~~~~~~.~~#..~#
#~..##.~~~~~.##..~#
##..~###.r~###.~~##
#~.~†.##@##~.~~~#
###~.~~~~~...~###
###.††~.~.###
#########


You could see a hell rat.

Vanquished Creatures
  An ogre (D:3)
  Natasha (D:2)
  3 river rats
  An ufetubus (D:3)
  A dart slug (D:2)
  4 orcs (D:2)
  6 ball pythons
  A bat (D:2)
  5 endoplasms
  5 giant cockroaches
  3 goblins
  2 hobgoblins (D:2)
  3 jackals (D:2)
  2 frilled lizards
  3 kobolds
  14 rats
55 creatures vanquished.

Notes
Turn   | Place    | Note
-------+----------+-------------------------------------------
     0 | D:1      | ragingrage the Troll Wanderer began the quest for the Orb.
     0 | D:1      | ragingrage set off with the following items: a +0 club, a
                  | potion of mutation, a potion of lignification, a scroll of
                  | fog, a +0 robe.
     0 | D:1      | Reached XP level 1. HP: 22/22 MP: 0/0
   623 | D:1      | Reached skill level 2 in Unarmed Combat
   643 | D:1      | Reached XP level 2. HP: 29/29 MP: 1/1
   868 | D:2      | Reached skill level 3 in Unarmed Combat
   882 | D:2      | Reached XP level 3. HP: 36/36 MP: 2/2
  1085 | D:2      | Noticed Natasha
  1089 | D:2      | Killed Natasha
  1308 | D:2      | Found a faded altar of an unknown god.
  1359 | D:2      | Reached XP level 4. HP: 44/44 MP: 3/3
  1565 | D:3      | Reached skill level 4 in Unarmed Combat
  1591 | D:3      | Found Neluithu's Magic Scroll Emporium.
  1594 | D:3      | Noticed an ogre
  1600 | D:3      | Killed an ogre
  1601 | D:3      | Reached skill level 5 in Unarmed Combat
  1601 | D:3      | Reached XP level 5. HP: 26/50 MP: 4/4
  1611 | D:3      | Bought a scroll of teleportation for 30 gold pieces
  1611 | D:3      | Bought a scroll of fear for 40 gold pieces
  1676 | D:3      | Found a glowing drain.
  1681 | Sewer    | Entered a sewer
  1754 | Sewer    | Mangled by a hell rat

Illustrated notes

Levels and vault maps discovered:
D:1:      heliophobic_arrival_henge, layout_basic
D:2:      wad_lake_hut, layout_loops_ring,
          hellmonk_ecumenical_altar_defaced_shrine, uniq_natasha
D:3:      layout_loops_cross, serial_shops, shop, gup_sewer_entry_spiral
Sewer:    sewer_hellmonk_bad_rat

Skill      XL: |  1  2  3  4 |
---------------+-------------+-----
Unarmed Combat | 2 3 5 |  5.5
Fighting       | |  2.4
Dodging        | |  4.1
Evocations     | |  1.0

Action                     |  1- 3 |  4- 6 || total
---------------------------+-------+-------++-------
  Melee: Unarmed           |    64 |    55 ||   119
         Punch             |       |     1 ||     1
   Stab: Sleeping          |     1 |     1 ||     2
 Armour: Robe              |    19 |    11 ||    30
  Dodge: Dodged            |    25 |    20 ||    45

Table legend: (Time is in decaauts)
 A = Elapsed time spent in this place.
 B = Non-inter-level travel time spent in this place.
 C = Inter-level travel time spent in this place.
 D = Time resting spent in this place.
 E = Time spent auto-exploring this place.
 F = Levels seen in this place.
 G = Mean time per level.
                   A        B        C        D        E       F      G
               +--------+--------+--------+--------+--------+-----+--------+
         Total |   1744 |   1636 |    108 |      0 |   1226 |   4 |  436.0 |
       Dungeon |   1674 |   1566 |    108 |      0 |   1203 |   3 |  558.0 |
         Sewer |     69 |     69 |      0 |      0 |     23 |   1 |   69.0 |
               +--------+--------+--------+--------+--------+-----+--------+

Top non-repeatable levels by time:
     D:2: 781 daAuts
     D:1: 671 daAuts
     D:3: 221 daAuts
   Sewer: 69 daAuts
